 Dungeon Crawl Stone Soup version 0.23.2 (webtiles) character file.

Game seed: 3128792433670709467

32624 Kobolds4U the Basher (level 13, -11/111 HPs)
             Began as a Minotaur Fighter on Apr 11, 2019.
             Was an Elder of Qazlal.
             Mangled by a minotaur
             ... wielding a +4 morningstar of draining
              (15 damage)
             ... in a Gauntlet.
             The game lasted 01:03:11 (19836 turns).

Kobolds4U the Basher (Minotaur Fighter)            Turns: 19836, Time: 01:03:12

Health: -11/111    AC: 24    Str: 22    XL:     13   Next: 32%
Magic:  6/18       EV:  9    Int:  6    God:    Qazlal [****..]
Gold:   843        SH:  5    Dex: 13    Spells: 18/20 levels left

rFire    + + +     SeeInvis .   P - +0 dire flail
rCold    + . .     Gourm    .   (shield currently unavailable)
rNeg     . . .     Faith    .   s - +3 plate armour {rF+}
rPois    .         Spirit   .   (helmet unavailable)
rElec    .         Reflect  .   G - +1 cloak
rCorr    .         Harm     .   r - +0 pair of gloves
MR       +....     NoTele   +   a - +1 pair of boots {Fly}
Stlth    ..........             (no amulet)
HPRegen  0.28/turn              h - ring of fire
MPRegen  0.16/turn              T - ring of protection from cold

@: heavily drained, repel missiles
A: retaliatory headbutt, horns 3, cold resistance 1, fire resistance 1, magic
resistance 1
a: Upheaval, Elemental Force, Renounce Religion, Evoke Flight


You were in a Gauntlet.
You worshipped Qazlal.
Qazlal was greatly pleased with you.
You were very hungry.

You visited 3 branches of the dungeon, and saw 17 of its levels.
You also visited: Ossuary and Gauntlet.

You collected 1029 gold pieces.
You spent 186 gold pieces at shops.

Inventory:

Hand Weapons
 t - a +0 broad axe
 u - a +3 whip
 z - a +5 fustibalus of flaming
 E - a +1 flail of draining
 P - a +0 dire flail (weapon)
 V - a +0 great mace
Missiles
 e - 7 silver tomahawks (quivered)
 N - 69 sling bullets
Armour
 a - a +1 pair of boots of flying (worn)
 r - a +0 pair of gloves (worn)
 s - a +3 plate armour of fire resistance (worn)
 G - a +1 cloak (worn)
 O - a +3 leather armour of fire resistance
 Y - the +1 chain mail of Depression {rF+ rN++ Dex-4 Slay+2}
   (You found it on level 3 of the Lair of Beasts)

   It affects your dexterity (-4).
   It affects your accuracy and damage with ranged weapons and melee attacks
   (+2).
   It protects you from fire.
   It greatly protects you from negative energy.
Jewellery
 c - an uncursed ring of positive energy
 h - a ring of fire (left hand)
 i - an uncursed ring of positive energy
 m - an uncursed amulet of magic regeneration
 x - an uncursed ring of protection from magic
 D - an uncursed ring of ice
 F - an uncursed ring of ice
 M - an uncursed ring of wizardry
 T - a ring of protection from cold (right hand)
Wands
 y - a wand of flame (42)
 H - a wand of polymorph (18)
 J - a wand of acid (10)
 R - a wand of disintegration (11)
 U - a wand of random effects (20)
Scrolls
 g - 5 scrolls of remove curse
 j - 4 scrolls of fear
 k - a scroll of amnesia
 n - 4 scrolls of teleportation
 p - a scroll of immolation
 v - 2 scrolls of enchant armour
 B - 6 scrolls of magic mapping
 C - 3 scrolls of identify
Potions
 b - 9 potions of curing
 d - a potion of might
 l - 2 potions of resistance
 o - 5 potions of haste
 q - 6 potions of agility
 w - 3 potions of cancellation
 A - 3 potions of flight
 I - a potion of mutation
 L - 4 potions of lignification
 Q - 3 potions of berserk rage
 S - a potion of brilliance
 Z - a potion of invisibility {unknown}
Comestibles
 f - 29 rations


   Skills:
 - Level 9.2(6.4) Fighting
 + Level 14.6(11.4) Maces & Flails
 + Level 14.3(11.2) Armour
 - Level 7.0(4.4) Dodging
   Level 3.6(1.2) Shields
 * Level 4.4(2.0) Spellcasting
 + Level 4.4(1.9) Translocations
 - Level 7.0(4.4) Invocations
 - Level 2.4(0.1) Evocations


You had 18 spell levels left.
You knew the following spells:

 Your Spells              Type           Power        Failure   Level  Hunger
a - Blink                 Tloc           N/A          97%         2    ###....

Your spell library contained the following spells:

 Spells                   Type           Power        Failure   Level  Hunger
 Animate Skeleton         Necr           N/A          99%         1    ##.....
 Confusing Touch          Hex            #.....       99%         1    ##.....
 Magic Dart               Conj           #...         99%         1    ##.....
 Pain                     Necr           #...         99%         1    ##.....
 Call Imp                 Summ           #.......     100%        2    ###....
 Slow                     Hex            #.......     100%        2    ###....
 Sublimation of Blood     Necr           #.........   100%        2    ###....
 Confuse                  Hex            #.......     100%        3    ####...
 Conjure Flame            Conj/Fire      #.......     100%        3    ####...
 Gell's Gravitas          Tloc           #.........   100%        3    ####...
 Ignite Poison            Fire/Tmut/Pois #.......     100%        3    ####...
 Mephitic Cloud           Conj/Pois/Air  #.......     100%        3    ####...
 Regeneration             Chrm/Necr      #.........   100%        3    ####...
 Vampiric Draining        Necr           #.........   100%        3    ####...
 Animate Dead             Necr           N/A          100%        4    #####..
 Cause Fear               Hex            #.........   100%        4    #####..
 Petrify                  Tmut/Erth      #.......     100%        4    #####..
 Alistair's Intoxication  Tmut/Pois      #.......     100%        5    ######.
 Irradiate                Conj/Tmut      #.........   100%        5    ######.
 Metabolic Englaciation   Hex/Ice        #.........   100%        5    ######.
 Silence                  Hex/Air        #.........   100%        5    ######.
 Yara's Violent Unravell  Hex/Tmut       #.........   100%        5    ######.
 Deflect Missiles         Chrm/Air       #.........   100%        6    #######
 Discord                  Hex            #.........   100%        8    #######


Dungeon Overview and Level Annotations

Branches:
Dungeon (12/15)            Temple (1/1) D:7            Lair (4/6) D:10
 Shoals (0/4) Lair:4       Spider (0/4) Lair:3
    Orc: D:9-12

Altars:
Ashenzari
Cheibriados
Dithmenos
Elyvilon
Gozag
Hepliaklqana
Makhleb
Okawaru
Qazlal
Ru
Sif Muna
Trog
Vehumet
Wu Jian
Xom
Yredelemnul
Zin

Shops:
D:5 ?   D:6 *(   D:8 %   D:9 [

Annotations:
D:8 Maurice
D:9 2 runed translucent doors
Lair:3 3 runed translucent doors, spacedv's ghost, journeyman TeAE Gauntlet 6 transporters


Innate Abilities, Weirdness & Mutations

You reflexively headbutt those who attack you in melee.
You have a pair of large horns on your head.
Your flesh is cold resistant. (rC+)
Your flesh is heat resistant. (rF+)
You are resistant to hostile enchantments. (MR+)


Message History

The minotaur is severely wounded.
The minotaur hits you with a +4 morningstar of draining!
You feel drained.
The minotaur gores you but does no damage.
The minotaur blocks your attack.
Your headbutt misses the minotaur.
The minotaur is severely wounded.
The minotaur hits you with a +4 morningstar of draining!!
* * * LOW HITPOINT WARNING * * *
You feel drained.
* * * LOW HITPOINT WARNING * * *
You block the minotaur's attack.
Really quaff the potion of lignification?
Okay, then.
As you read the scroll labeled ICA JUTIHANO, it crumbles to dust.
You hear a loud clanging noise!
It was a scroll of noise.
As you read the scroll labeled SOUCKI USUVIRI, it crumbles to dust.
You speak a Word of immense power!
It was a scroll of holy word.
The minotaur hits you with a +4 morningstar of draining!
You die...

##...§.......∩..............≈
#≈..§§...§..................#
###≈#§#≈#§########≈#≈#≈#§#≈##
#########.©..©.###########
#####......# #.............
#............. ##.#.#######.#
#.#.(@.# # # #☼##H# .... ...
#.#.. #'## #.#..# .8 # ...#
..# #8.# 8# ## [#


You could see a minotaur.

Vanquished Creatures
  Harold (D:7)
  Fannar (D:10)
  A ghost crab (Gauntlet)
  4 hydras
  Erica (D:8)
  A death knight (D:9)
  A two-headed ogre (D:10)
  A queen ant (Gauntlet)
  2 oklob plants (Lair:1)
  A cyclops (D:9)
  An ugly thing (D:11)
  3 elephants (Lair:4)
  4 black mambas
  8 spiny frogs
  5 komodo dragons
  3 trolls
  A hornet (Lair:2)
  3 polar bears (Lair:3)
  3 meliai (D:10)
  3 blink frogs (Lair:4)
  Prince Ribbit (D:5)
  2 hippogriffs
  7 yaks
  A vampire (D:10)
  A human (D:7)
  3 hogs (D:7)
  Grum (D:8)
  A wyvern (D:9)
  A neqoxec (Gauntlet)
  A vampire mosquito (D:10)
  A hungry ghost (D:9)
  A basilisk (Lair:3)
  3 chaos spawn (Gauntlet)
  2 steam dragons
  9 water moccasins
  5 soldier ants (Gauntlet)
  4 ice beasts
  5 orc warriors
  11 porcupines
  6 sky beasts
  An eye of draining (D:9)
  8 ogres
  8 centaurs
  A boggart (D:9)
  13 wolves
  11 crocodiles
  3 big kobolds
  13 bullfrogs
  An elf skeleton (D:4)
  2 gnoll sergeants
  3 scorpions (Lair:3)
  4 killer bees
  5 howler monkeys
  9 electric eels
  5 crimson imps
  A bullfrog zombie (D:11)
  A quasit (D:10)
  2 centaur skeletons
  2 human zombies (D:4)
  3 jellies
  2 gnoll shamans (D:6)
  6 orc priests
  2 bullfrog skeletons
  6 hounds
  Crazy Yiuf (D:5)
  4 orc wizards
  Natasha (thrice) (D:4)
  4 iguanas
  4 worker ants
  2 bullfrog simulacra (D:10)
  A hound skeleton (D:7)
  8 mummies (Ossuary)
  2 worker ant zombies
  Robin (D:4)
  19 gnolls
  A howler monkey skeleton (D:8)
  7 adders
  4 shadow imps
  3 white imps (D:10)
  A howler monkey simulacrum (D:10)
  3 oozes
  An adder zombie (D:9)
  An adder skeleton (D:9)
  3 dart slugs
  6 worms
  6 leopard geckos
  44 orcs
  A ball python (D:6)
  4 bats (D:3)
  7 giant cockroaches
  A gnoll zombie (Ossuary)
  13 goblins
  10 hobgoblins
  12 jackals
  13 kobolds
  9 quokkas
  5 frilled lizards
  A hobgoblin zombie (Ossuary)
  2 kobold zombies (Ossuary)
  3 orc skeletons (D:4)
  4 orc zombies (Ossuary)
  4 rats
  A fungus (D:10)
  2 plants
447 creatures vanquished.

Vanquished Creatures (others)
  An elephant (Lair:4)
  An orc (D:10)
  4 fungi (D:10)
  9 plants
  4 withered plants (Gauntlet)
19 creatures vanquished.

Grand Total: 466 creatures vanquished

Notes
Turn   | Place    | Note
-------+----------+-------------------------------------------
     0 | D:1      | Kobolds4U the Minotaur Fighter began the quest for the Orb.
     0 | D:1      | Reached XP level 1. HP: 19/19 MP: 0/0
    96 | D:1      | Reached XP level 2. HP: 17/27 MP: 1/1
   810 | D:2      | Reached XP level 3. HP: 33/33 MP: 2/2
  1261 | D:2      | Reached XP level 4. HP: 40/40 MP: 3/3
  1336 | D:2      | Found a deep blue altar of Sif Muna.
  1336 | D:2      | Found a stormy altar of Qazlal.
  1408 | D:2      | Became a worshipper of Qazlal Stormbringer
  1432 | D:2      | Reached skill level 5 in Armour
  1455 | D:2      | Found an ornate altar of the Wu Jian Council.
  1734 | D:3      | Reached XP level 5. HP: 17/46 MP: 4/4
  1973 | D:3      | Found a white marble altar of Elyvilon.
  2085 | D:3      | Reached skill level 5 in Maces & Flails
  2191 | D:3      | Found a shadowy altar of Dithmenos.
  2213 | D:3      | Found a shattered altar of Ashenzari.
  2296 | D:3      | Reached * piety under Qazlal
  2541 | D:4      | Found a sand-covered staircase.
  2548 | D:4      | Reached XP level 6. HP: 41/52 MP: 5/5
  2649 | Ossuary  | Entered an ossuary
  3113 | D:4      | Reached XP level 7. HP: 55/59 MP: 6/6
  3124 | D:4      | Identified 3 scrolls of acquirement
  3296 | D:4      | Noticed Robin
  3366 | D:4      | Noticed Natasha
  3371 | D:4      | Killed Natasha
  3376 | D:4      | Reached ** piety under Qazlal
  3407 | D:4      | Killed Robin
  3446 | D:4      | Noticed Natasha
  3458 | D:4      | Killed Natasha
  3472 | D:4      | Noticed Natasha
  3486 | D:4      | Killed Natasha
  3552 | D:4      | Found an iron altar of Okawaru.
  3725 | D:5      | Entered Level 5 of the Dungeon
  3950 | D:5      | Reached XP level 8. HP: 66/66 MP: 7/7
  4068 | D:5      | Noticed Prince Ribbit
  4077 | D:5      | Killed Prince Ribbit
  4390 | D:5      | Found a runed translucent door.
  4391 | D:5      | Noticed Crazy Yiuf
  4627 | D:5      | Found Utanejuo's Magic Scroll Emporium.
  4641 | D:5      | Bought a scroll of identify for 24 gold pieces
  4641 | D:5      | Bought a scroll of remove curse for 36 gold pieces
  4641 | D:5      | Bought a scroll of identify for 24 gold pieces
  4641 | D:5      | Bought a scroll of magic mapping for 42 gold pieces
  4641 | D:5      | Bought a scroll of identify for 24 gold pieces
  4641 | D:5      | Bought a scroll of teleportation for 36 gold pieces
  4711 | D:5      | Killed Crazy Yiuf
  4952 | D:6      | Found Veocosil's Weapon Boutique.
  4988 | D:6      | Reached skill level 10 in Armour
  5046 | D:6      | Found a glowing silver altar of Zin.
  5141 | D:6      | Reached skill level 10 in Maces & Flails
  5309 | D:6      | Found Natogez's General Store.
  5441 | D:6      | Reached XP level 9. HP: 71/71 MP: 8/8
  5575 | D:6      | Reached *** piety under Qazlal
  5866 | D:7      | Found a staircase to the Ecumenical Temple.
  7126 | D:7      | Found a shimmering altar of Xom.
  7157 | D:7      | Found an opulent altar of Gozag.
  7157 | D:7      | Found a radiant altar of Vehumet.
  7159 | D:7      | Found a hazy altar of Hepliaklqana.
  7159 | D:7      | Found an ornate altar of the Wu Jian Council.
  7159 | D:7      | Found a basalt altar of Yredelemnul.
  7187 | Temple   | Entered the Ecumenical Temple
  7261 | D:7      | Reached **** piety under Qazlal
  7323 | D:7      | Noticed Harold
  7354 | D:7      | Killed Harold
  7354 | D:7      | Reached XP level 10. HP: 46/78 MP: 9/9
  7535 | D:7      | Found a bloodstained altar of Trog.
  7905 | D:8      | Noticed Erica
  7924 | D:8      | Killed Erica
  8147 | D:8      | Found Lobb's Food Shoppe.
  8154 | D:8      | Reached skill level 1 in Invocations
  8182 | D:8      | Reached skill level 5 in Fighting
  8182 | D:8      | Noticed Maurice
  8216 | D:8      | HP: 1/81 [acid (10)]
  9175 | D:8      | Noticed Grum
  9186 | D:8      | Killed Grum
  9556 | D:9      | Found Umuist's Armour Emporium.
  9585 | D:9      | Found a large runed translucent door.
  9585 | D:9      | Found a large runed translucent door.
  9805 | D:9      | Noticed a death knight
 10243 | D:9      | Killed a death knight
 10243 | D:9      | Reached XP level 11. HP: 28/90 MP: 13/13
 10418 | D:9      | Reached skill level 5 in Invocations
 10747 | D:9      | Found a large runed translucent door.
 10747 | D:9      | Found a large runed translucent door.
 11432 | D:10     | Entered Level 10 of the Dungeon
 11581 | D:10     | Found a staircase to the Lair.
 11724 | D:10     | Noticed a two-headed ogre
 11732 | D:10     | Killed a two-headed ogre
 12188 | D:10     | Reached skill level 1 in Dodging
 12281 | D:10     | Reached ***** piety under Qazlal
 12500 | D:10     | Noticed Fannar
 12528 | D:10     | Killed Fannar
 13131 | D:11     | Noticed a cyan ugly thing
 13699 | D:11     | Killed a cyan ugly thing
 14418 | Lair:1   | Entered Level 1 of the Lair of Beasts
 15099 | Lair:1   | Noticed an oklob plant
 15099 | Lair:1   | Noticed an oklob plant
 15125 | Lair:1   | Killed an oklob plant
 15125 | Lair:1   | Reached skill level 5 in Dodging
 15125 | Lair:1   | Reached XP level 12. HP: 75/103 MP: 16/16
 15827 | Lair:2   | Gained mutation: You have a pair of large horns on your
                  | head. [potion of mutation]
 15827 | Lair:2   | Gained mutation: Your flesh is cold resistant. (rC+)
                  | [potion of mutation]
 15827 | Lair:2   | Gained mutation: You are resistant to hostile enchantments.
                  | (MR+) [potion of mutation]
 15827 | Lair:2   | Gained mutation: Your flesh is heat resistant. (rF+)
                  | [potion of mutation]
 15860 | Lair:2   | Learned a level 2 spell: Blink
 15938 | Lair:2   | Noticed a six-headed hydra
 15946 | Lair:2   | Killed a six-headed hydra
 15948 | Lair:2   | Noticed a five-headed hydra
 15958 | Lair:2   | Killed a five-headed hydra
 16426 | Lair:2   | Reached skill level 1 in Spellcasting
 16426 | Lair:2   | Reached skill level 1 in Translocations
 17018 | Lair:2   | Noticed an eight-headed hydra
 17032 | Lair:2   | Killed an eight-headed hydra
 17464 | Lair:2   | Paralysed by a hornet for 3 turns
 18201 | Lair:3   | Got a distressingly furry chain mail
 18212 | Lair:3   | Identified the +1 chain mail of Depression {rF+ rN++ Dex-4
                  | Slay+2} (You found it on level 3 of the Lair of Beasts)
 18374 | Lair:3   | Found a hole to the Spider Nest.
 18479 | Lair:3   | Found a runed translucent gate.
 18480 | Lair:3   | Found a runed translucent gate.
 18480 | Lair:3   | Noticed a ten-headed hydra
 18480 | Lair:3   | Noticed spacedv's ghost (journeyman TeAE)
 18480 | Lair:3   | Noticed a 12-headed hydra
 18481 | Lair:3   | Found a runed translucent gate.
 18706 | Lair:4   | Noticed a six-headed hydra
 18756 | Lair:3   | Killed a six-headed hydra
 18756 | Lair:3   | Reached XP level 13. HP: 25/111 MP: 17/17
 19132 | Lair:4   | Found a gate leading to a gauntlet.
 19199 | Gauntlet | Entered a Gauntlet
 19199 | Gauntlet | Found a transporter.
 19199 | Gauntlet | Found a transporter.
 19199 | Gauntlet | Found a transporter.
 19470 | Gauntlet | Found a transporter.
 19480 | Gauntlet | Found a transporter.
 19483 | Gauntlet | Found a transporter.
 19492 | Gauntlet | Noticed a reaper
 19493 | Gauntlet | Found a transporter.
 19512 | Gauntlet | Found a transporter.
 19526 | Gauntlet | Found a transporter.
 19529 | Gauntlet | Found a transporter.
 19537 | Gauntlet | Found a transporter.
 19540 | Gauntlet | Found a transporter.
 19814 | Gauntlet | Noticed a minotaur
 19834 | Gauntlet | HP: 3/111 [minotaur/+4 morningstar of draining (12)]
 19836 | Gauntlet | Mangled by a minotaur

Skill      XL: |  1  2  3  4  5  6  7  8  9 10 11 12 13 |
---------------+----------------------------------------+-----
Armour         | 4 5 6 7 8 10 12 13 14 | 14.3
Fighting       | 4 6 8 9 |  9.2
Maces & Flails | 3 4 5 6 8 10 12 13 14 | 14.6
Evocations     | 2 |  2.4
Invocations    | 4 7 |  7.0
Dodging        | 5 7 |  7.0
Spellcasting   | 3 4 |  4.4
Translocations | 3 4 |  4.4
Shields        | |  3.6

Action                   |  1- 3 |  4- 6 |  7- 9 | 10-12 | 13-15 || total
-------------------------+-------+-------+-------+-------+-------++-------
Melee: Flail             |    69 |    45 |       |   202 |       ||   316
       Headbutt          |    11 |    41 |    98 |   204 |    38 ||   392
       Whip              |       |   142 |   423 |       |       ||   565
       Dire flail        |       |       |       |   694 |   157 ||   851
Invok: Upheaval          |       |       |       |     3 |     2 ||     5
       Disaster Area     |       |       |       |     1 |       ||     1
       Elemental Force   |       |       |       |       |     1 ||     1
 Abil: Stop Flying       |       |       |     1 |       |       ||     1
Evoke: Wand              |       |       |     1 |       |       ||     1
  Use: Scroll            |       |       |    12 |    15 |     3 ||    30
       Potion            |       |       |       |     9 |       ||     9
  Eat: Chunk             |     1 |     5 |    11 |    24 |     2 ||    43
       Ration            |       |       |     1 |     4 |       ||     5
Armor: Scale mail        |    13 |       |       |       |       ||    13
       Chain mail        |    15 |    86 |   147 |   120 |       ||   368
       Plate armour      |       |       |       |   269 |    64 ||   333
Dodge: Dodged            |    28 |    57 |   124 |   241 |    72 ||   522
       Deflected         |       |       |     1 |     8 |     6 ||    15
Block: Other             |       |     1 |    41 |   139 |    44 ||   225
